 Dungeon Crawl Stone Soup version 0.17-a0-1914-gde4187c (webtiles) character file.

89 mcbry74 the Sneak (level 4, 23/23 HPs)
             Began as a Vine Stalker Assassin on Sept 26, 2015.
             Quit the game on level 1 of the Dungeon.
             The game lasted 00:12:18 (1678 turns).

mcbry74 the Sneak (Vine Stalker Assassin)           Turns: 1678, Time: 00:12:19

Health: 23/23      AC:  7    Str: 14    XL:     4   Next: 55%
Magic:  5/5        EV: 12    Int: 11    God:
Gold:   181        SH:  0    Dex: 16    Spells: 0 memorised, 3 levels left

rFire  . . .     SeeInvis .     a - +2 dagger
rCold  . . .     Clarity  .     c - +0 robe
rNeg   . . .     SustAt   .     (no shield)
rPois  .         Gourm    .     h - +2 hat
rElec  .         Spirit   +     i - +0 cloak
rCorr  .         Warding  .     w - +1 pair of gloves
rMut   .         Stasis   .     (no boots)
MR     .....                    (no amulet)
Stlth  +++.......               (no ring)
                                (no ring)

@: not resistant to hostile enchantments, fairly stealthy
A: fangs 2, regeneration 1, magic shield, antimagic bite, no device heal 3, rot
immunity
a: no special abilities


You were on level 1 of the Dungeon.
You were hungry.

You visited 1 branch of the dungeon, and saw 2 of its levels.

You collected 181 gold pieces.

Inventory:

Hand weapons
 a - a +2 dagger (weapon)
 b - a +0 blowgun
Missiles
 e - 11 poisoned needles
 f - 2 curare-tipped needles
Armour
 c - a +0 robe (worn)
 d - a +0 cloak
 h - a +2 hat (worn)
 i - a +0 cloak (worn)
 w - a +1 pair of gloves (worn)
Jewellery
 o - an uncursed amulet of resist corrosion {unknown}
Scrolls
 j - 5 scrolls of identify {unknown}
 l - 5 scrolls of remove curse {unknown}
 m - a scroll of random uselessness {unknown}
 n - a scroll of teleportation {unknown}
 p - a scroll of enchant weapon {unknown}
 s - a scroll of fog {unknown}
 t - a scroll of recharging {unknown}
Potions
 k - a potion of mutation {unknown}
 q - 2 potions of poison {unknown}
 u - a potion of agility {unknown}
Comestibles
 g - 2 bread rations
 r - 3 fruits
 v - 2 chunks of flesh


   Skills:
 + Level 2.1 Fighting
 + Level 2.0 Short Blades
 + Level 2.2 Throwing
 + Level 2.0 Dodging
 + Level 5.8 Stealth


You had 3 spell levels left.
You didn't know any spells.

Dungeon Overview and Level Annotations

Branches:
Dungeon (2/15)

Altars:
Ashenzari
Qazlal


Innate Abilities, Weirdness & Mutations

You have extremely sharp teeth.
Your natural rate of healing is unusually fast.
When hurt, damage is shared between your health and your magic reserves.
Your bite disrupts and absorbs the magic of your enemies.
Potions and wands cannot restore your health.
You are immune to rotting.


Message History

You hit the kobold.
You kill the kobold!
w - a pair of glowing gloves Wear which item? (? for menu, Esc to quit)
You start putting on your armour.
You continue putting on your pair of glowing gloves. x4
You finish putting on your +1 pair of gloves.
You see here a kobold corpse.
You found a shaft!
You see here a kobold corpse.
You are feeling hungry.
Drink which item? (? for menu, Esc to quit)
Okay, then.
Quiver which item? (- for none, * to show all) (? for menu, Esc to quit)
You don't have any such object.
Quiver which item? (- for none, * to show all) (? for menu, Esc to quit)
You don't have any such object.
Quiver which item? (- for none, * to show all) (? for menu, Esc to quit)
Okay, then.
Are you sure you want to abandon this character and quit the game? (Confirm with "yes".)

#..........###......########.#
#########...#.....#.########.#
#.###.#...............# #.#
#......#.##########
#.###.#..###.# ##...##......#
#######.##### #.# #@# #.#
######## #.# .......# #.#
.#####.#########.# .#
#.##.....†..## .#
#.......##...## .#
#.##.##.#.[...#
.#####.##.##.##...###########
##


There were no monsters in sight!

Vanquished Creatures
  Robin (D:2)
  2 adders (D:2)
  A worm (D:2)
  A giant cockroach (D:1)
  11 goblins
  4 hobgoblins (D:2)
  2 ball pythons (D:1)
  6 bats
  5 giant newts
  8 jackals
  9 kobolds
  7 rats
57 creatures vanquished.

Notes
Turn   | Place    | Note
--------------------------------------------------------------
     0 | D:1      | mcbry74 the Vine Stalker Assassin began the quest for the Orb.
     0 | D:1      | Reached XP level 1. HP: 11/11 MP: 2/2
    54 | D:1      | Reached skill level 5 in Stealth
    97 | D:1      | Reached skill level 1 in Dodging
    97 | D:1      | Reached XP level 2. HP: 15/15 MP: 3/3
   518 | D:1      | You fall through a shaft!
   519 | D:2      | Found a shattered altar of Ashenzari.
   662 | D:2      | Reached XP level 3. HP: 18/18 MP: 4/4
   664 | D:2      | Noticed Robin
   696 | D:2      | Killed Robin
   703 | D:2      | Reached XP level 4. HP: 3/23 MP: 5/5
   709 | D:2      | HP: 1/23 [goblin[Robin] (2)]
   869 | D:2      | Found a stormy altar of Qazlal.
  1678 | D:1      | Quit the game

Vault maps used:
D:1:      matt_arrival_los_fun, minmay_ruptured
D:2:      evilmike_ruin_ashenzari, nicolae_qazlal_general_emergency,
          minmay_vboxes, uniq_robin

Action                   |  1- 3 |  4- 6 || total
-------------------------+-------+-------++-------
Melee: Dagger            |    85 |    65 ||   150
 Fire: Blowgun           |    12 |    11 ||    23
  Use: Potion            |       |     1 ||     1
 Stab: Sleeping          |     6 |     4 ||    10
  Eat: Chunk             |       |     2 ||     2
